 Dungeon Crawl Stone Soup version 0.27-a0-1502-g47ed6a6988 (webtiles) character file.

Game seed: 17687794205245584795

127248 wakim the Gelid (level 16, -22/93 HPs)
             Began as a Deep Elf Ice Elementalist on July 8, 2021.
             Was a High Priest of Vehumet.
             Annihilated by a bunyip (32 damage)
             ... called by a spriggan druid
             ... on level 1 of the Swamp.
             The game lasted 01:56:50 (38831 turns).

wakim the Gelid (Deep Elf Ice Elementalist)        Turns: 38831, Time: 01:56:51

Health: -22/93     AC: 12    Str:  8    XL:     16   Next: 45%
Magic:  5/35       EV: 20    Int: 24    God:    Vehumet [*****.]
Gold:   743        SH: 11    Dex: 17    Spells: 12/41 levels left

rFire    + + .     SeeInvis +   b - +9 demon trident (protect)
rCold    + + +     Faith    .   s - +1 buckler {rF+}
rNeg     + . .     Spirit   .   e - +2 robe {rC+ rF+}
rPois    +         Reflect  +   V - +1 helmet "Gestrawn" {rC+ Str+3}
rElec    +         Harm     .   P - +2 cloak
rCorr    .         Rampage  .   k - +1 pair of gloves
Will     +....                  i - +0 pair of boots
Stlth    +++.......             p - amulet of reflection
HPRegen  0.25/turn              j - ring "Baibrisu" {Fly rElec rC+}
MPRegen  0.24/turn              l - ring "Ukulim" {rPois rN+ Int-4 Dex+2 SInv}

@: about to teleport, unable to drink, flying
A: no potions
a: Renounce Religion


You were on level 1 of the Swamp.
You worshipped Vehumet.
Vehumet was extremely pleased with you.
You visited 5 branches of the dungeon, and saw 25 of its levels.
You visited 1 bazaar.

You collected 2267 gold pieces.
You spent 1524 gold pieces at shops.

Inventory:

Hand Weapons
 a - the +0 flail "Kallamoi" {flame, rC+ Str+2}
   (You found it on level 12 of the Dungeon)

   It has been specially enchanted to burn those struck by it, causing extra
   injury to most foes and up to half again as much damage against particularly
   susceptible opponents.
   Str:       It affects your strength (+2).
   rC:        It protects you from cold.
 b - a +9 demon trident of protection (weapon)
Missiles
 f - 2 throwing nets {=f!f}
 g - 2 curare-tipped darts {=f}
 m - 5 atropa-tipped darts
Armour
 e - a +2 robe of resistance (worn)
 i - a +0 pair of boots (worn)
 k - a +1 pair of gloves (worn)
 o - the +0 ring mail of the Blacksmith {rC+ Int+5}
   (You found it on level 14 of the Dungeon)

   Int:       It affects your intelligence (+5).
   rC:        It protects you from cold.
 s - a +1 buckler of fire resistance (worn)
 G - a +0 kite shield of reflection
 P - a +2 cloak (worn)
 V - the +1 helmet "Gestrawn" (worn) {rC+ Str+3}
   (You bought it in a shop on level 2 of the Orcish Mines)

   Str:       It affects your strength (+3).
   rC:        It protects you from cold.
Jewellery
 j - the ring "Baibrisu" (left hand) {Fly rElec rC+}
   (You found it on level 10 of the Dungeon)

   [ring of protection from cold]

   rC:        It protects you from cold.
   rElec:     It insulates you from electricity.
   Fly:       It grants you flight.
 l - the ring "Ukulim" (right hand) {rPois rN+ Int-4 Dex+2 SInv}
   (You bought it in a shop in a bazaar)

   [ring of positive energy]

   Int:       It affects your intelligence (-4).
   Dex:       It affects your dexterity (+2).
   rPois:     It protects you from poison.
   rN:        It protects you from negative energy.
   SInv:      It lets you see invisible.
 n - a +4 ring of protection
 p - an amulet of reflection (around neck)
 q - a ring of see invisible
 y - an amulet of magic regeneration
 z - a ring of ice
 U - the ring "Nisaangu" {rC+ Dex+3}
   (You found it in a bazaar)

   [ring of protection from cold]

   Dex:       It affects your dexterity (+3).
   rC:        It protects you from cold.
Wands
 t - a wand of digging (14)
 u - a wand of mindburst (31)
 v - a wand of flame (8)
 w - a wand of acid (11)
 x - a wand of charming (10)
Scrolls
 c - 2 scrolls of enchant weapon
 d - 4 scrolls of enchant armour
 h - 3 scrolls of amnesia
 r - 8 scrolls of identify
 Q - a scroll of immolation {!r!r}
 R - 6 scrolls of magic mapping {!r}
 S - 2 scrolls of summoning
 T - 7 scrolls of teleportation
 W - 3 scrolls of holy word
 X - a scroll of fog
 Y - 3 scrolls of blinking {!r}
 Z - 5 scrolls of silence {!r}
Potions
 A - 2 potions of ambrosia
 B - 7 potions of attraction {!q}
 C - a potion of berserk rage {!q}
 D - 3 potions of brilliance
 E - a potion of cancellation
 F - 8 potions of curing
 H - 4 potions of haste
 I - 5 potions of invisibility
 J - 9 potions of heal wounds
 K - a potion of magic
 L - 4 potions of lignification {!q}
 M - 3 potions of mutation {!q}
 N - 8 potions of might
 O - a potion of resistance


   Skills:
 - Level 8.0 Fighting
 * Level 5.0 Polearms
 - Level 14.0 Dodging
 - Level 5.0 Stealth
 - Level 4.0 Shields
 - Level 13.0 Spellcasting
 - Level 12.0 Conjurations
 + Level 6.9 Transmutations
 - Level 8.0 Fire Magic
 + Level 15.4 Ice Magic
 - Level 8.0 Air Magic
 - Level 8.0 Earth Magic


You had 12 spell levels left.
You knew the following spells:

 Your Spells              Type           Power      Damage    Failure   Level
a - Freeze                Ice            100%       1d11      0%          1
b - Frozen Ramparts       Ice            100%       1d12      0%          3
c - Ozocubu's Armour      Ice            74%        N/A       1%          3
d - Ozocubu's Refrigerat  Ice            37%        4d12      1%          7
e - Starburst             Conj/Fire      29%        8x6d9     2%          6
f - Irradiate             Conj/Tmut      28%        3d23      1%          5
q - Sticky Flame          Conj/Fire      59%        2d7       1%          4

Your spell library contained the following spells:

 Spells                   Type           Power      Damage    Failure   Level
 Magic Dart               Conj           100%       1d8       1%          1
 Ignite Poison            Fire/Tmut/Pois 39%        N/A       1%          3
 Mephitic Cloud           Conj/Pois/Air  47%        N/A       1%          3
 Hailstorm                Conj/Ice       69%        3d14      1%          4
 Ice Form                 Ice/Tmut       62%        N/A       1%          4
 Petrify                  Tmut/Erth      51%        N/A       1%          4
 Bolt of Magma            Conj/Fire/Erth 28%        4d13      1%          5
 Freezing Cloud           Conj/Ice/Air   32%        6-21      1%          5
 Apportation              Tloc           30%        N/A       3%          1
 Metabolic Englaciation   Hex/Ice        25%        N/A       4%          5
 Blink                    Tloc           N/A        N/A       6%          2
 Call Imp                 Summ           15%        N/A       6%          2
 Blade Hands              Tmut           24%        N/A       6%          5
 Portal Projectile        Hex/Tloc       30%        N/A       12%         3
 Alistair's Intoxication  Tmut/Pois      21%        N/A       26%         5
 Simulacrum               Ice/Necr       25%        N/A       26%         6
 Statue Form              Tmut/Erth      34%        N/A       28%         6
 Excruciating Wounds      Necr           7%         N/A       71%         5
 Manifold Assault         Tloc           15%        N/A       71%         5
 Storm Form               Tmut/Air       25%        N/A       83%         7
 Polar Vortex             Ice            37%        N/A       83%         9
 Invisibility             Hex            7%         N/A       99%         6


Dungeon Overview and Level Annotations

Branches:
Dungeon (15/15)            Temple (1/1) D:5            Lair (6/6) D:9
  Swamp (1/4) Lair:2        Snake (0/4) Lair:2        Slime (0/5) Lair:5
    Orc (2/2) D:9             Elf (0/3) Orc:2        Vaults (0/5) D:13
 Depths (0/5) D:15

Altars:
Ashenzari
Cheibriados
Dithmenos
Elyvilon
Fedhas
Gozag
Hepliaklqana
Kikubaaqudgha
Makhleb
Nemelex Xobeh
Okawaru
Qazlal
Ru
Sif Muna
Trog
Uskayaw
Vehumet
Wu Jian
Xom
Yredelemnul
Zin
The Shining One

Shops:
D:5 :   D:6 !   D:14 !*=[   Orc:2 **=[

Portals:
Pandemonium: Orc:2
Trove: D:12 (give 8 scrolls of fog)

Annotations:
D:10 2 transporters, sn0wgr3's ghost, novice DDFi


Message History

Vehumet accepts your kill.
You kill the swamp worm!
Vehumet accepts your kill.
You feel your power returning.
A tyrant leech comes into view.
Your Polearms skill increases to level 5!
The heat is drained from your surroundings.
You feel very cold.
The spriggan druid and the tyrant leech are frozen.
The spriggan druid is almost dead.
The tyrant leech is heavily wounded.
You don't have enough magic to cast this spell.
Unknown command.
The spriggan druid calls out to the beasts of the wild!
You reach to attack!
You closely miss the spriggan druid.
The spriggan druid is almost dead.
You impale the spriggan druid!!
Your weapon exudes an aura of protection.
With its final breath, the spriggan druid offers up its power to the beasts of the wild!
The tyrant leech is healed.
The tyrant leech seems to grow more fierce.
You kill the spriggan druid!
Vehumet accepts your kill.
You feel your power returning.
A goliath frog comes into view.
The tyrant leech bites you!!!
* * * LOW HITPOINT WARNING * * *
The tyrant leech draws strength from your injuries!
A bunyip comes into view.
As you read the scroll of teleportation, it crumbles to dust.
You feel strangely unstable. You block the tyrant leech's attack.
Unknown command.
The goliath frog hits you but does no damage.
The bunyip howls a warning cry!
The goliath frog hits you from afar!
* * * LOW HITPOINT WARNING * * *
You are splashed with acid!
* * * LOW HITPOINT WARNING * * *
The bunyip claws you!!
You die...

♣.♣...≈#$.≈♣♣≈
♣♣♣♣♣≈♣....≈..♣≈≈.
♣....≈≈≈†.♣#♣...≈.
♣.#.##..≈...≈≈..♣
♣♣.#...♣♣...†§≈.♣♣
♣♣♣..#...♣♣♣♣.≈...♣
♣♣....#...$♣ ♣F>≈.♣♣
......#.....♣♣..≈..♣♣
≈≈♣.♣♣#.####♣#w≈@.≈≈♣
♣.♣>♣ ♣.. ♣.)≈.x...♣
≈.♣≈≈ ♣..≈≈≈....♣
≈..... ♣.≈.†♣≈♣..♣
≈≈≈♣≈≈. ..≈†.≈≈≈.♣≈≈♣
≈.≈≈≈.≈≈
≈≈..≈≈≈..♣♣..♣
≈..≈.≈≈≈≈♣≈≈≈≈≈≈§≈♣
≈.♣ ≈≈ ≈≈≈≈≈≈≈≈≈♣ ≈♣
♣≈


You could see a bunyip (catching breath), a tyrant leech (strong) and a goliath
frog.

Vanquished Creatures
  A thorn hunter (Swamp:1)
  An orc warlord (Orc:2)
  3 eleionomae (Swamp:1)
  Snorg (Orc:1)
  Josephine (Lair:4)
  3 vault guards
  15 hydras
  A boulder beetle (shapeshifter) (D:15)
  A boulder beetle (Lair:2)
  A catoblepas (Lair:4)
  5 centaur warriors
  An alligator (Swamp:1)
  5 two-headed ogres
  7 orc high priests (Orc:2)
  5 tengu warriors
  A spriggan (Swamp:1)
  Urug (Orc:1)
  A soul eater (Orc:2)
  5 skeletal warriors (D:11)
  A spriggan druid (Swamp:1)
  An infernal demonspawn (Orc:2)
  3 deep elf pyromancers
  A wizard (D:13)
  A torturous demonspawn (Orc:2)
  8 orc sorcerers
  6 orc knights
  A wolf spider (D:15)
  3 cyclopes
  A salamander (D:15)
  3 manticores
  5 oklob plants
  12 ugly things
  4 centaur zombies (D:10)
  A smoke demon (Orc:2)
  7 elephants
  A rust devil (Orc:2)
  3 black mambas
  31 cane toads
  An orange demon (Orc:2)
  Psyche (D:11)
  16 komodo dragons
  An unseen horror (D:12)
  2 gargoyles
  5 rime drakes
  A kobold demonologist (D:10)
  A yaktaur (shapeshifter) (D:15)
  5 yaktaurs (D:15)
  A freezing wraith (D:15)
  A tengu conjurer (D:13)
  A queen bee (shapeshifter) (D:14)
  6 trolls
  6 tyrant leeches
  3 hornets
  34 blink frogs
  12 slime creatures
  19 dream sheep
  A shadow (D:12)
  A ynoxinul (Orc:2)
  47 yaks
  3 wyverns
  6 wraiths
  22 humans (D:13)
  A steam dragon (Lair:5)
  15 vampire mosquitoes
  4 basilisks
  2 chaos spawn (Orc:2)
  4 wargs
  3 swamp worms (Swamp:1)
  An acid dragon (D:12)
  16 water moccasins
  3 sky beasts
  A swamp drake (Swamp:1)
  A black bear (Lair:1)
  35 orc warriors
  38 wolves
  A necrophage (D:7)
  6 ogres
  23 centaurs
  A phantom (D:6)
  A kobold brigand (D:10)
  26 bullfrogs
  2 scorpions
  2 earth elementals (D:14)
  10 killer bees (D:9)
  An electric eel (Lair:3)
  5 wights (D:7)
  6 howler monkeys
  2 jellies (D:5)
  A bullfrog zombie (D:5)
  7 hounds
  20 orc priests
  3 gnoll shamans
  6 iguanas
  22 orc wizards
  A killer bee zombie (D:6)
  A howler monkey zombie (D:6)
  14 gnolls
  9 adders
  3 shadow imps
  3 white imps
  3 ufetubi
  4 worms
  A dart slug (D:3)
  88 orcs
  8 endoplasms
  3 giant cockroaches
  6 goblins
  8 hobgoblins
  19 jackals
  4 quokkas
  7 ball pythons
  4 bats
  2 frilled lizards (D:2)
  15 kobolds
  5 rats
  6 bushes (D:14)
831 creatures vanquished.

Vanquished Creatures (collateral kills)
  4 orcs (D:6)
4 creatures vanquished.

Vanquished Creatures (others)
  85 fungi
  224 plants
309 creatures vanquished.

Grand Total: 1144 creatures vanquished

Notes
Turn   | Place    | Note
-------+----------+-------------------------------------------
     0 | D:1      | wakim the Deep Elf Ice Elementalist began the quest for the
                  | Orb.
     0 | D:1      | Reached XP level 1. HP: 10/10 MP: 6/6
   341 | D:1      | Found a faded altar of an unknown god.
   509 | D:1      | Reached XP level 2. HP: 13/15 MP: 5/8
  1140 | D:2      | Found a stormy altar of Qazlal.
  1311 | D:2      | You fall into a shaft and drop 1 floor!
  1324 | D:3      | Reached skill level 5 in Ice Magic
  1354 | D:3      | Reached XP level 3. HP: 19/19 MP: 5/9
  1444 | D:3      | Learned a level 3 spell: Frozen Ramparts
  1448 | D:3      | Learned a level 3 spell: Ozocubu's Armour
  1963 | D:3      | Noticed an ogre
  2280 | D:3      | Reached XP level 4. HP: 24/24 MP: 6/10
  2430 | D:3      | Killed an ogre
  2431 | D:3      | Reached skill level 6 in Ice Magic
  2431 | D:3      | Reached XP level 5. HP: 9/28 MP: 2/11
  3921 | D:4      | Reached skill level 7 in Ice Magic
  3921 | D:4      | Reached XP level 6. HP: 14/32 MP: 6/12
  3927 | D:4      | Reached skill level 5 in Dodging
  4127 | D:4      | Identified the +4 ring mail "Zuunucew" {rC++ Int+4}
  4545 | D:4      | Reached XP level 7. HP: 36/36 MP: 9/13
  4683 | D:4      | You fall into a shaft and drop 2 floors!
  4712 | D:6      | Reached skill level 8 in Ice Magic
  5015 | D:6      | Found Liseon's Distillery.
  5359 | D:6      | Reached skill level 1 in Conjurations
  5499 | D:6      | Found a bloodstained altar of Trog.
  5817 | D:5      | Entered Level 5 of the Dungeon
  5824 | D:5      | Found Jaumen's Self-Improvement Boutique.
  5911 | D:5      | Reached XP level 8. HP: 41/41 MP: 11/15
  6114 | D:5      | Reached skill level 9 in Ice Magic
  6225 | D:5      | Found a staircase to the Ecumenical Temple.
  6233 | Temple   | Entered the Ecumenical Temple
  6419 | D:5      | Reached skill level 5 in Stealth
  6712 | D:5      | Found a radiant altar of Vehumet.
  6712 | D:5      | Found a white marble altar of Elyvilon.
  6713 | D:5      | Found a hazy altar of Hepliaklqana.
  6718 | D:5      | Became a worshipper of Vehumet
  7106 | D:4      | Found a shimmering altar of Xom.
  7541 | D:7      | Reached skill level 1 in Air Magic
  7775 | D:7      | Noticed a komodo dragon
  7800 | D:7      | Killed a komodo dragon
  7801 | D:7      | Reached XP level 9. HP: 45/45 MP: 9/17
  8103 | D:7      | Reached skill level 5 in Conjurations
  8164 | D:7      | Learned a level 4 spell: Hailstorm
  9190 | D:8      | Reached * piety under Vehumet
  9190 | D:8      | Offered knowledge of Shock by Vehumet.
  9196 | D:8      | Reached skill level 10 in Ice Magic
 10812 | D:9      | Found a staircase to the Orcish Mines.
 10829 | D:9      | Reached ** piety under Vehumet
 10829 | D:9      | Offered knowledge of Poisonous Vapours by Vehumet.
 10929 | D:9      | Noticed a two-headed ogre
 10936 | D:9      | Identified the +1 ring mail of Monyerei {Int+5}
 10944 | D:9      | Reached skill level 1 in Fire Magic
 10959 | D:9      | Killed a two-headed ogre
 10960 | D:9      | Reached skill level 1 in Fighting
 10960 | D:9      | Reached skill level 5 in Spellcasting
 10960 | D:9      | Reached skill level 1 in Earth Magic
 10960 | D:9      | Reached XP level 10. HP: 52/52 MP: 12/19
 11014 | D:9      | Found a staircase to the Lair.
 11098 | D:9      | Learned a level 5 spell: Freezing Cloud
 11500 | D:9      | Offered knowledge of Static Discharge by Vehumet.
 12216 | D:10     | Entered Level 10 of the Dungeon
 12236 | D:10     | Reached *** piety under Vehumet
 12342 | D:10     | Found a sacrificial altar of Ru.
 12450 | D:10     | Found a transporter.
 12453 | D:10     | Identified the +5 dire flail of Xucweopn {flame, *Corrode
                  | +Blink Int+6}
 12453 | D:10     | Identified the +4 great mace of Sunlight {drain, +Blink rN+
                  | MP-9}
 12453 | D:10     | Noticed a two-headed ogre
 12453 | D:10     | Noticed sn0wgr3's ghost (novice DDFi)
 12455 | D:10     | Found a transporter.
 12634 | D:10     | Identified the ring "Baibrisu" {Fly rElec rC+}
 12705 | D:10     | Found a broken altar of Ashenzari.
 12738 | D:10     | Found a stormy altar of Qazlal.
 12749 | D:10     | Noticed an eight-headed hydra
 12771 | D:10     | Noticed a two-headed ogre
 12830 | D:10     | Reached XP level 11. HP: 52/58 MP: 22/22
 13120 | D:10     | Killed a two-headed ogre
 13121 | D:10     | Reached skill level 5 in Air Magic
 13220 | D:10     | Killed an eight-headed hydra
 13221 | D:10     | Reached skill level 10 in Dodging
 13541 | D:10     | Found a snail-covered altar of Cheibriados.
 13555 | D:10     | Found a sparkling altar of Nemelex Xobeh.
 13558 | D:10     | Found a basalt altar of Yredelemnul.
 13587 | D:9      | Learned a level 5 spell: Bolt of Magma
 13865 | Lair:1   | Entered Level 1 of the Lair of Beasts
 13865 | Lair:1   | Found a broken altar of Ashenzari.
 13954 | Lair:1   | Noticed a five-headed hydra
 13959 | Lair:1   | Killed a five-headed hydra
 15568 | Lair:2   | Noticed a six-headed hydra
 15582 | Lair:2   | Killed a six-headed hydra
 15583 | Lair:2   | Reached skill level 5 in Fire Magic
 15583 | Lair:2   | Reached skill level 5 in Earth Magic
 15743 | Lair:2   | Reached skill level 10 in Conjurations
 15745 | Lair:2   | Offered knowledge of Sticky Flame by Vehumet.
 15767 | Lair:2   | Learned a level 4 spell: Sticky Flame
 15940 | Lair:2   | Noticed an eight-headed hydra
 15951 | Lair:2   | Killed an eight-headed hydra
 15965 | Lair:2   | Noticed a seven-headed hydra
 16318 | Lair:2   | Reached XP level 12. HP: 67/67 MP: 20/26
 16651 | Lair:2   | Found a staircase to the Swamp.
 16706 | Lair:2   | Found a staircase to the Snake Pit.
 16753 | Lair:2   | Killed a seven-headed hydra
 16920 | Lair:2   | Learned a level 7 spell: Ozocubu's Refrigeration
 17308 | Lair:2   | Noticed a boulder beetle
 17578 | Lair:2   | Reached skill level 11 in Ice Magic
 17583 | Lair:2   | Killed a boulder beetle
 17584 | Lair:2   | Reached skill level 5 in Fighting
 18126 | Lair:3   | Reached **** piety under Vehumet
 18305 | Lair:3   | Offered knowledge of Lee's Rapid Deconstruction by Vehumet.
 18363 | Lair:3   | Reached skill level 10 in Spellcasting
 18363 | Lair:3   | Reached skill level 12 in Ice Magic
 18929 | Lair:3   | Identified the +2 robe of Honour {rN+ Slay+2 Stlth+}
 19392 | Lair:4   | Reached XP level 13. HP: 63/74 MP: 21/29
 19930 | Lair:4   | Noticed Josephine
 19946 | Lair:4   | You are sucked into a shaft and drop 2 floors!
 19946 | Lair:6   | Entered Level 6 of the Lair of Beasts
 19953 | Lair:6   | Reached ***** piety under Vehumet
 20057 | Lair:5   | Found a staircase to the Slime Pits.
 20061 | Lair:5   | Offered knowledge of Eringya's Noxious Bog by Vehumet.
 20543 | Lair:5   | Reached skill level 13 in Ice Magic
 21469 | Lair:4   | Killed Josephine
 21670 | Lair:4   | Reached XP level 14. HP: 82/82 MP: 30/30
 22065 | Lair:4   | Learned a level 5 spell: Metabolic Englaciation
 22297 | Lair:6   | Reached skill level 1 in Transmutations
 22715 | Lair:6   | Reached skill level 14 in Ice Magic
 22755 | Lair:6   | Offered knowledge of Starburst by Vehumet.
 24389 | D:11     | Noticed Psyche
 24394 | D:11     | Killed Psyche
 26629 | D:12     | Identified the +0 flail "Kallamoi" {flame, rC+ Str+2}
 27403 | D:12     | Found a portal to a secret trove of treasure.
 27666 | D:6      | Bought a potion of heal wounds for 70 gold pieces
 27666 | D:6      | Bought a potion of curing for 42 gold pieces
 27666 | D:6      | Bought a potion of heal wounds for 70 gold pieces
 27827 | D:11     | Learned a level 6 spell: Starburst
 28364 | D:13     | Reached XP level 15. HP: 68/88 MP: 23/32
 28778 | D:13     | You are sucked into a shaft and drop 1 floor!
 28778 | D:14     | Found Hefesaiw's Armour Emporium.
 28779 | D:14     | Found Vuilaroh's Jewellery Shop.
 28880 | D:14     | Bought a +1 buckler of fire resistance for 181 gold pieces
 28980 | D:14     | Identified the +0 cloak of Busch {Contam rElec Str+8 Int-4}
 28990 | D:14     | Found Lipi's Distillery.
 29026 | D:14     | Reached skill level 1 in Shields
 29030 | D:14     | Found a flickering gateway to a bazaar.
 29039 | Bazaar   | Entered a bazaar
 29136 | Bazaar   | Found Gimadyd's Jewellery Shop.
 29136 | Bazaar   | Found Fuon's Magic Scroll Boutique.
 29144 | Bazaar   | Identified the ring "Nisaangu" {rC+ Dex+3}
 29149 | Bazaar   | Bought a scroll of fog for 14 gold pieces
 29164 | Bazaar   | Bought the ring "Ukulim" {rPois rN+ Int-4 Dex+2 SInv} for
                  | 530 gold pieces
 29184 | Bazaar   | Bought a scroll of teleportation for 21 gold pieces
 29184 | Bazaar   | Bought a scroll of magic mapping for 24 gold pieces
 29184 | Bazaar   | Bought a scroll of blinking for 52 gold pieces
 29184 | Bazaar   | Bought a scroll of amnesia for 24 gold pieces
 29184 | Bazaar   | Bought a scroll of amnesia for 24 gold pieces
 29842 | D:14     | Found Dunnulel's Pet Rocks.
 30913 | D:13     | Found a gate to the Vaults.
 31263 | Orc:1    | Entered Level 1 of the Orcish Mines
 31263 | Orc:1    | Noticed Urug
 31267 | Orc:1    | Killed Urug
 32227 | Orc:2    | Entered Level 2 of the Orcish Mines
 32275 | Orc:2    | Noticed an orc warlord
 32444 | Orc:2    | Killed an orc warlord
 32732 | Orc:2    | Found Gecabb's General Store.
 32734 | Orc:2    | Found Xopp's General Store.
 32739 | Orc:2    | Reached ****** piety under Vehumet
 32740 | Orc:2    | Reached skill level 1 in Polearms
 32741 | Orc:2    | Offered knowledge of Spellforged Servitor by Vehumet.
 33061 | Orc:2    | Found a staircase to the Elven Halls.
 33320 | Orc:2    | Bought a potion of resistance for 130 gold pieces
 33338 | Orc:2    | Reached skill level 5 in Transmutations
 34043 | Orc:2    | Found Agaukog's Jewellery Boutique.
 34043 | Orc:2    | Found Mutaryucsoi's Antique Armour Shop.
 34044 | Orc:2    | Found a one-way gate leading to the halls of Pandemonium.
 34049 | Orc:2    | Bought a crude helmet for 342 gold pieces
 34049 | Orc:2    | Identified the +1 helmet "Gestrawn" {rC+ Str+3} (You bought
                  | it in a shop on level 2 of the Orcish Mines)
 34919 | Orc:1    | Noticed Snorg
 35208 | Orc:1    | You are sucked into a shaft and drop 1 floor!
 35302 | Orc:1    | Killed Snorg
 35923 | D:14     | Identified the +0 ring mail of the Blacksmith {rC+ Int+5}
 35990 | D:15     | Entered Level 15 of the Dungeon
 35994 | D:15     | Reached skill level 15 in Ice Magic
 36000 | D:15     | Reached XP level 16. HP: 84/93 MP: 12/34
 36219 | D:15     | Offered knowledge of Irradiate by Vehumet.
 36387 | D:15     | Learned a level 5 spell: Irradiate
 38036 | D:15     | Found a hazy altar of Hepliaklqana.
 38530 | Swamp:1  | Entered Level 1 of the Swamp
 38530 | Swamp:1  | Noticed a thorn hunter
 38534 | Swamp:1  | Killed a thorn hunter
 38822 | Swamp:1  | Reached skill level 5 in Polearms
 38831 | Swamp:1  | Annihilated by a bunyip

Illustrated notes

Levels and vault maps discovered:
D:1:      nzn_arrival_crosshair, layout_loops_ring,
          chequers_ecumenical_altar_lobes, lemuel_old_faithful
D:2:      layout_basic, basic_altar
D:3:      layout_basic, serial_forest, infiniplex_forest_diagonal,
          infiniplex_forest_end_2, infiniplex_forest_zigzag_1,
          infiniplex_forest_end_3, infiniplex_forest_clump_small,
          infiniplex_forest_lined_3
D:4:      layout_basic, marbit_many_paths, corexii_hall_statues_i
D:5:      layout_basic, chequers_temple_overflow_statue_of_worship,
          minmay_temple_entry_proselytizer, nicolae_shop_self_help
D:6:      layout_cave_pools, trog_hazing_becter, serial_shops,
          kennysheep_mini_moat
D:7:      layout_basic
D:8:      layout_basic
D:9:      layout_layer_cave, david_lair_shrubbed, hiddenorc2_lemuel
D:10:     layout_basic, grunt_temple_overflow_cloverleaf,
          mainiacjoe_overflow_large_starburst, gammafunk_ghost_smash,
          st_stairs_10
D:11:     layout_basic, uniq_psyche
D:12:     layout_stronghold, enter_trove_5
D:13:     layout_irregular_city, grunt_vaults_entry_tiered
D:14:     layout_rooms, serial_shops, bzr_entry_islet, shop, shop, shop,
          serial_park_gazebo [serial_park_minivault_5x5_5], guppyfry_shop_earth
D:15:     hangedman_depths_entry_try_elsewhere_first, layout_stronghold,
          nicolae_hepliaklqana_hippocampus
Temple:   minmay_freezing_vapour_temple
Lair:1:   layout_roguey, basic_altar, serial_forest,
          infiniplex_forest_clump_curved, infiniplex_forest_straight_3,
          infiniplex_forest_straight_3, infiniplex_forest_lined_room_2,
          infiniplex_forest_lined_3_way, serial_bayou_pond_c
Lair:2:   layout_cellular_growth, palyth_hydra_swamp_entry, dummy_snake_entry,
          minmay_shattered_shrine, serial_bayou_shore_b,
          minmay_lair_oklob_chamber
Lair:3:   layout_chaotic_city, serial_bayou_shore_a
Lair:4:   layout_long_grid, grunt_megastairs_4, uniq_josephine
Lair:5:   layout_loops_ring, slime_dummy, grunt_megastairs_1
Lair:6:   minmay_lair_end_frog_pond, layout_misc_corridors,
          gauntlet_entry_generic
Swamp:1:  layout_falls_marsh, evilmike_swamp_ruin_house_6
Orc:1:    layout_caves, uniq_snorg, uniq_urug
Orc:2:    pf_orc_diabolical, layout_caves

Skill      XL: |  1  2  3  4  5  6  7  8  9 10 11 12 13 14 15 16 |
---------------+-------------------------------------------------+-----
Stealth        | 3 5 |  5.0
Ice Magic      | 5 6 7 8 9 10 12 13 14 15 | 15.4
Dodging        | 3 4 5 6 7 9 11 12 13 14 | 14.0
Conjurations   | 1 4 7 9 10 11 12 | 12.0
Spellcasting   | 4 5 6 8 10 11 12 13 | 13.0
Air Magic      | 1 4 5 6 7 8 |  8.0
Fire Magic     | 1 3 5 6 7 8 |  8.0
Fighting       | 1 2 4 6 7 8 |  8.0
Earth Magic    | 1 3 5 6 7 8 |  8.0
Transmutations | 3 5 6 |  6.9
Shields        | 4 |  4.0
Polearms       | 3 5 |  5.0

Action                   |  1- 3 |  4- 6 |  7- 9 | 10-12 | 13-15 | 16-18 || total
-------------------------+-------+-------+-------+-------+-------+-------++-------
Melee: Dagger            |    20 |       |       |       |       |       ||    20
       Whip              |       |    38 |       |       |       |       ||    38
       War axe           |       |    10 |    41 |       |       |       ||    51
       Mace              |       |       |   126 |   292 |   130 |       ||   548
       Flail             |       |       |       |       |    47 |       ||    47
       Demon trident     |       |       |       |       |   119 |    42 ||   161
 Cast: Freeze            |    42 |    11 |    13 |     7 |     8 |       ||    81
       Frozen Ramparts   |     7 |    14 |    57 |    40 |    16 |     1 ||   135
       Ozocubu's Armour  |       |     3 |    19 |    21 |    19 |     3 ||    65
       Hailstorm         |       |       |     8 |    10 |       |       ||    18
       Freezing Cloud    |       |       |       |    31 |    28 |       ||    59
       Bolt of Magma     |       |       |       |    13 |    46 |       ||    59
       Sticky Flame      |       |       |       |    15 |    29 |     1 ||    45
       Ozocubu's Refrige |       |       |       |    17 |   225 |    51 ||   293
       Starburst         |       |       |       |       |    16 |     3 ||    19
       Metabolic Englaci |       |       |       |       |     1 |       ||     1
       Irradiate         |       |       |       |       |       |     2 ||     2
Evoke: Wand              |       |       |       |       |     3 |       ||     3
  Use: Scroll            |     5 |     4 |    10 |    12 |    16 |     1 ||    48
       Potion            |       |       |       |     6 |     3 |       ||     9
 Stab: Sleeping          |     3 |     2 |     1 |     1 |     2 |       ||     9
Armor: Robe              |    14 |    12 |    19 |   210 |   126 |    11 ||   392
       Ring mail         |       |     7 |    83 |       |       |       ||    90
Dodge: Dodged            |    24 |    37 |   109 |   417 |   356 |    37 ||   980
Block: Other             |       |       |    39 |   127 |    32 |       ||   198
       Reflection        |       |       |     1 |     2 |    12 |     7 ||    22
       Buckler           |       |       |       |       |    89 |    30 ||   119

Table legend: (Time is in decaauts)
 A = Elapsed time spent in this place.
 B = Non-inter-level travel time spent in this place.
 C = Inter-level travel time spent in this place.
 D = Time resting spent in this place.
 E = Time spent auto-exploring this place.
 F = Levels seen in this place.
 G = Mean time per level.
                   A        B        C        D        E       F      G
               +--------+--------+--------+--------+--------+-----+--------+
         Total |  39184 |  35564 |   3620 |   2655 |  27103 |  26 | 1507.1 |
       Dungeon |  24903 |  22295 |   2608 |   1171 |  17887 |  15 | 1660.2 |
        Temple |     61 |     61 |      0 |      0 |     55 |   1 |   61.0 |
          Lair |  10283 |   9535 |    748 |    696 |   6956 |   6 | 1713.8 |
         Swamp |    178 |    178 |      0 |      0 |    126 |   1 |  178.0 |
  Orcish Mines |   3606 |   3342 |    264 |    788 |   1972 |   2 | 1803.0 |
        Bazaar |    151 |    151 |      0 |      0 |    107 |   1 |  151.0 |
               +--------+--------+--------+--------+--------+-----+--------+

Top non-repeatable levels by time:
  Lair:2: 2719 daAuts
   Orc:2: 2567 daAuts
    D:10: 2331 daAuts
     D:9: 2318 daAuts
    D:13: 2090 daAuts
    D:15: 2028 daAuts
    D:12: 1909 daAuts
     D:3: 1885 daAuts
     D:7: 1788 daAuts
    D:14: 1705 daAuts
  Lair:1: 1702 daAuts
    D:11: 1630 daAuts
  Lair:3: 1623 daAuts
  Lair:6: 1583 daAuts
     D:8: 1511 daAuts
